 Dungeon Crawl Stone Soup version 0.31-a0-986-g5e6e4ef867 (webtiles) character file.

Game seed: 11222999999287441832

37 avis the Charlatan (level 3, 16/16 HPs)
             Began as a Felid Artificer on Nov 7, 2023.
             Got out of the dungeon alive.
             The game lasted 00:05:39 (651 turns).

avis the Charlatan (Felid Artificer)                 Turns: 651, Time: 00:05:39

Health: 16/16      AC:  1    Str: 10    XL:     3   Next: 23%
Magic:  4/4        EV: 18    Int: 12    God:
Gold:   32         SH:  0    Dex: 16    Spells: 2/2 levels left
                                        Lives:  0   Deaths: 1

rFire   . .          .
                       - Unarmed
rCold   . . .        (shield unavailable)
rNeg    . . .        (body armour unavailable)
rPois   .            (helmet unavailable)
rElec   .            (cloak unavailable)
rCorr   .            (gloves unavailable)
SInv    +            (boots unavailable)
Will    .....        (no amulet)
Stlth   ++           (no ring)
HPRegen 0.22/turn    (no ring)
MPRegen 0.09/turn

%: no passive effects
@: quick
A: very small, claws 1, fangs 3, see invisible, speed 1, shaggy fur 1, stealthy
paws, no weapons or thrown items, no armour, multi-lived
a: no special abilities


You escaped.
You visited 1 branch of the dungeon, and saw 2 of its levels.

You collected 32 gold pieces.

Inventory:

Wands
 a - a wand of flame (13) (quivered)
 b - a wand of charming (15)
 c - a wand of iceblast (5)
Scrolls
 h - 2 scrolls of fear {unknown}
 i - a scroll of enchant armour {unknown}
 j - a scroll of fog {unknown}
 l - 2 scrolls of identify {unknown}
Potions
 d - a potion of might {unknown}
 e - a potion of cancellation {unknown}
 f - a potion of attraction {unknown}
 g - a potion of haste {unknown}
 k - a potion of ambrosia {unknown}


   Skills:
 - Level 2.0 Fighting
 - Level 3.2 Dodging
 - Level 1.3 Stealth
 * Level 1.3 Unarmed Combat
 - Level 4.0 Evocations


You had 2 spell levels left.
You didn't know any spells.
Your spell library was empty.

Dungeon Overview and Level Annotations

Branches:
Dungeon (2/15)

Altars:


Innate Abilities, Weirdness & Mutations

You have sharp claws.
You have razor-sharp teeth.
You have supernaturally acute eyesight. (SInv)
You cover ground quickly. (Speed+)
You are covered in fur. (AC +1)
Your paws help you pounce on unaware monsters.
You are incapable of wielding weapons or throwing items.
You cannot wear armour.
You gain extra lives every three experience levels.


Message History

The adder is severely wounded.
The adder misses you.
You scratch the adder.
The adder is almost dead.
The adder completely misses you.
You miss the adder.
The adder is almost dead.
The adder closely misses you.
You miss the adder.
The adder is almost dead.
The adder closely misses you. x2
You closely miss the adder.
The adder is almost dead.
The adder completely misses you.
You barely miss the adder.
The adder is almost dead.
The adder bites you.
You miss the adder.
The adder is almost dead.
The adder barely misses you. The adder misses you.
You scratch the adder.
You kill the adder!
Training target 2.0 for Fighting reached!
Your Fighting skill increases to level 2!
You need to enable at least one skill for training.
h - 2 scrolls labelled NEQAOG MOSIO (gained 1)
A worm comes into view.
Found a stone staircase leading up.
You see here a scroll labelled VEDULOSUL.
l - 2 scrolls labelled VEDULOSUL (gained 1)
You see here 5 stones.
There is a stone staircase leading up here.
HP restored.
You climb upwards.
There is a stone staircase leading down here.
You see here a bat corpse.
You see here a +0 short sword.
There is an open door here.
There is a staircase leading out of the dungeon here.
You have escaped!

#############
#...#...#...###
#.⌠...⌠.#.@.'.#
#...#...#...#.#
########.###.###.##.#
..##..##.# #.# #.##.#
..##..##.###.###.##.#
......#...#...#...#.#
..##..#.⌠.#.⌠.#.⌠.#.#
..#...#...#...#...#.#
..#...##.###.###.##.#


There were no monsters in sight!

Vanquished Creatures
  An adder (D:2)
  5 bats (D:1)
  4 endoplasms (D:1)
  4 goblins (D:1)
  4 hobgoblins (D:1)
  A quokka (D:1)
  3 ball pythons
  2 kobolds (D:1)
  3 rats
27 creatures vanquished.

Notes
Turn   | Place    | Note
-------+----------+-------------------------------------------
     0 | D:1      | avis the Felid Artificer began the quest for the Orb.
     0 | D:1      | Reached XP level 1. HP: 9/9 MP: 2/2
   115 | D:1      | Reached skill level 4 in Evocations
   115 | D:1      | Reached XP level 2. HP: 12/12 MP: 3/3
   284 | D:1      | Reached skill level 1 in Unarmed Combat
   536 | D:1      | Found a faded altar of an unknown god.
   582 | D:2      | Succumbed to an adder's poison
   595 | D:2      | Reached XP level 3. HP: 12/16 MP: 4/4
   651 | D:$      | Got out of the dungeon alive.

Illustrated notes

Levels and vault maps discovered:
D:1:      minmay_arrival_nine_rooms, layout_rooms, basic_ecumenical_altar,
          minmay_ruptured
D:2:      layout_basic, uniq_terence, uniq_natasha

Skill      XL: |  1  2  3 |
---------------+----------+-----
Evocations     | 4 |  4.0
Unarmed Combat | 1 |  1.3
Fighting       | 2 |  2.0
Dodging        | |  3.2
Stealth        | |  1.3

Action                     || total
---------------------------++-------
  Melee: Unarmed           ||   106
         Bite              ||     9
         Punch             ||     1
  Evoke: Wand              ||     2
 Armour: Skin              ||    28
  Dodge: Dodged            ||    84

Table legend: (Time is in decaauts)
 A = Elapsed time spent in this place.
 B = Non-inter-level travel time spent in this place.
 C = Inter-level travel time spent in this place.
 D = Time resting spent in this place.
 E = Time spent auto-exploring this place.
 F = Levels seen in this place.
 G = Mean time per level.
                   A        B        C        D        E       F      G
               +--------+--------+--------+--------+--------+-----+--------+
         Total |    553 |    530 |     23 |     25 |    221 |   2 |  276.5 |
       Dungeon |    553 |    530 |     23 |     25 |    221 |   2 |  276.5 |
               +--------+--------+--------+--------+--------+-----+--------+

Top non-repeatable levels by time:
     D:1: 501 daAuts
     D:2: 52 daAuts
